 Dungeon Crawl Stone Soup version 0.30-a0-715-gdb4ae3ece1 (webtiles) character file.

Game seed: 13179242308639979192

118 Orangeyouglad the Ducker (level 5, 0/35 HPs)
             Began as a Djinni Fire Elementalist on Jan 24, 2023.
             Slain by a gnoll
             ... wielding a +0 spear
              (7 damage)
             ... on level 2 of the Dungeon.
             The game lasted 00:05:08 (2196 turns).

Orangeyouglad the Ducker (Djinni Fire Elementalist) Turns: 2196, Time: 00:05:09

Health: 0/35       AC:  2    Str:  7    XL:     5   Next: 23%
Gold:   140        EV: 13    Int: 18    God:
                   SH:  0    Dex: 14

rFire   + + .      SeeInvis .    (no weapon)
rCold   x . .      Faith    .    (no shield)
rNeg    . . .      Spirit   .    a - +0 robe
rPois   ∞          Reflect  .    (no helmet)
rElec   .          Harm     .    (no cloak)
rCorr   .          Rampage  .    (no gloves)
Will    .....                    (boots unavailable)
Stlth   ++                       (no amulet)
HPRegen 0.25/turn                (no ring)
MPRegen 0.00/turn                (no ring)

@: flying
A: sickness immunity, fire resistance 2, cold vulnerability 1, float, innate
caster, HP casting, extra vitality 1
a: no special abilities


You were on level 2 of the Dungeon.
You visited 1 branch of the dungeon, and saw 2 of its levels.

You collected 140 gold pieces.

Inventory:

Armour
 a - a +0 robe (worn)
 m - a +2 buckler
Jewellery
 l - a +4 ring of protection
Wands
 d - a wand of roots (9)
Scrolls
 e - a scroll of noise
 h - a scroll of magic mapping {unknown}
 j - a scroll of fear
 o - a scroll of silence {unknown}
 p - a scroll of teleportation {unknown}
Potions
 b - a potion of magic
 c - a potion of resistance {unknown}
 f - 3 potions of mutation
 g - 2 potions of curing
 i - 2 potions of degeneration {unknown}
 k - a potion of attraction {unknown}
 n - a potion of heal wounds {unknown}


   Skills:
 + Level 3.9 Dodging
 - Level 1.8 Stealth
 + Level 1.1 Shields
 + Level 3.3 Spellcasting


You couldn't memorise any spells.
You knew the following spells:

 Your Spells              Type           Power      Damage    Failure   Level
a - Foxfire               Conj/Fire      56%        2x1d6     4%          1
b - Scorch                Fire           28%        2d6       6%          2
c - Kindle Blastsparks    Fire/Tloc/Air  28%        2d12      12%         3
d - Inner Flame           Hex/Fire       14%        N/A       12%         3
e - Flame Wave            Conj/Fire      14%        2d6       38%         4
f - Magic Dart            Conj           56%        1d5       4%          1
g - Call Imp              Summ           14%        N/A       6%          2
Your spell library was empty.

Dungeon Overview and Level Annotations

Branches:
Dungeon (2/15)

Altars:


Innate Abilities, Weirdness & Mutations

You are immune to sickness and miasma.
You are immune to poison.
Your flesh is very heat resistant. (rF++)
You are vulnerable to cold. (rC-)
You float through the air rather than walking.
You learn spells naturally, not from books.
Your magical power is your life essence.
You have superior vitality. (+4 MHP)


Message History

Casting: Foxfire (safe; 4% risk of failure)
Confirm with . or Enter, or press ? or * to list all spells.
You conjure some foxfire!
The gnoll hits you from afar with a +0 spear!
The foxfire hits the gnoll.
The gnoll is moderately wounded.
The foxfire hits the gnoll.
The gnoll is heavily wounded.
The gnoll closely misses you. The gnoll misses you.
The gnoll attacks as you move away! The gnoll closely misses you.
Casting: Foxfire (safe; 4% risk of failure)
Confirm with . or Enter, or press ? or * to list all spells.
A beastly little devil appears in a puff of flame.
The gnoll barely misses you. The gnoll attacks as you move away!
The gnoll barely misses you.
Casting: Call Imp (safe; 6% risk of failure)
Confirm with . or Enter, or press ? or * to list all spells.
Flames lash the gnoll.
You kill the gnoll!
The gnoll hits you from afar with a +0 spear!
Your crimson imp closely misses the gnoll.
Your Shields skill increases to level 1!
Casting: Scorch (safe; 6% risk of failure)
Confirm with . or Enter, or press ? or * to list all spells.
Flames lash the gnoll.
You kill the gnoll!
The gnoll hits you from afar with a +0 spear!
* * * LOW HITPOINT WARNING * * *
Your crimson imp blinks!
Your crimson imp closely misses the gnoll.
The gnoll barely misses you.
Your crimson imp hits the gnoll but does no damage.
Aiming: Magic Dart (safe; 4% risk of failure)
Press: ? - help, Q - select action, (/) - cycle Shift-Dir - straight line, f - gnoll
Aim: a gnoll, wielding a +0 spear (ally target, 100% to hit)
The magic dart hits the gnoll.
The gnoll is lightly wounded.
* * * LOW HITPOINT WARNING * * *
The gnoll hits you from afar with a +0 spear!
You die...

##### #...#
......#...#
......'..)######
.......#)..#....#
...... ##....##.#
...... ###..##.#
......##....5..##
## # #.......g..#
### #.#.#.#.####@#
..# #.#.#.....##.#
..# #............#
..#####........###
.........##..#.#..
.........##......
...<.....##....#.#
..............†#.#
###...#.......## #


You could see a gnoll (ally target) and a friendly crimson imp (summoned).

Vanquished Creatures
  Robin (D:2)
  2 adders (D:2)
  2 gnolls (D:2)
  A worm (D:2)
  7 endoplasms
  A giant cockroach (D:2)
  12 goblins
  7 hobgoblins
  5 jackals
  4 quokkas
  3 ball pythons
  4 bats
  3 frilled lizards (D:1)
  5 kobolds
  8 rats
65 creatures vanquished.

Vanquished Creatures (others)
  163 foxfires
163 creatures vanquished.

Grand Total: 228 creatures vanquished

Notes
Turn   | Place    | Note
-------+----------+-------------------------------------------
     0 | D:1      | Orangeyouglad the Djinni Fire Elementalist began the quest
                  | for the Orb.
     0 | D:1      | Orangeyouglad set off with the following spells memorised:
                  | Foxfire, Scorch, Kindle Blastsparks, Inner Flame, Flame
                  | Wave.
     0 | D:1      | Reached XP level 1. HP: 15/15 MP: 0/0
   267 | D:1      | Reached XP level 2. HP: 20/21 MP: 0/0
   582 | D:1      | Reached XP level 3. HP: 25/25 MP: 0/0
   582 | D:1      | Learned a level 1 spell: Magic Dart
  1453 | D:2      | Reached XP level 4. HP: 18/31 MP: 0/0
  1673 | D:2      | Noticed Robin
  1692 | D:2      | Killed Robin
  2130 | D:2      | Reached XP level 5. HP: 32/35 MP: 0/0
  2130 | D:2      | Learned a level 2 spell: Call Imp
  2188 | D:2      | Reached skill level 1 in Shields
  2196 | D:2      | Slain by a gnoll

Illustrated notes

Levels and vault maps discovered:
D:1:      nagdon_arrival_zigzag_paths, layout_basic
D:2:      layout_basic, minmay_split_cup_large, uniq_robin

Skill      XL: |  1  2  3  4  5 |
---------------+----------------+-----
Dodging        | 3 |  3.9
Spellcasting   | 3 |  3.3
Shields        | 1 |  1.1
Stealth        | |  1.8

Action                     |  1- 3 |  4- 6 || total
---------------------------+-------+-------++-------
  Melee: Unarmed           |     7 |       ||     7
   Cast: Foxfire           |    45 |    51 ||    96
         Scorch            |     7 |     2 ||     9
         Magic Dart        |    16 |     5 ||    21
         Call Imp          |       |     1 ||     1
    Use: Potion            |     1 |       ||     1
         Scroll            |       |     5 ||     5
 Armour: Robe              |     3 |     2 ||     5
  Dodge: Dodged            |    11 |    15 ||    26

Table legend: (Time is in decaauts)
 A = Elapsed time spent in this place.
 B = Non-inter-level travel time spent in this place.
 C = Inter-level travel time spent in this place.
 D = Time resting spent in this place.
 E = Time spent auto-exploring this place.
 F = Levels seen in this place.
 G = Mean time per level.
                   A        B        C        D        E       F      G
               +--------+--------+--------+--------+--------+-----+--------+
         Total |   2195 |   2119 |     76 |    176 |   1528 |   2 | 1097.5 |
       Dungeon |   2195 |   2119 |     76 |    176 |   1528 |   2 | 1097.5 |
               +--------+--------+--------+--------+--------+-----+--------+

Top non-repeatable levels by time:
     D:1: 1387 daAuts
     D:2: 808 daAuts
